 Dungeon Crawl Stone Soup version 0.32-a0-12-g7fc57aa741 (webtiles) character file.

Game seed: 2110823562115957810

8769 Gargoyl the Cleaver (level 11, -1/71 HPs)
             Began as a Gargoyle Berserker on Jan 14, 2024.
             Was a High Priest of Trog.
             Killed from afar by a lindwurm (14 damage)
             ... with a blast of flame
             ... in a volcano.
             The game lasted 00:14:21 (7938 turns).

Gargoyl the Cleaver (Gargoyle Berserker)            Turns: 7938, Time: 00:14:23

Health: -1/71      AC: 24    Str: 21    XL:     11   Next: 36%
Magic:  11/11      EV: 10    Int:  8    God:    Trog [*****.]
Gold:   582        SH:  0    Dex: 13    Spells: 10/10 levels left

rFire   . . .        c - +2 battleaxe (elec)
rCold   + . .        (shield currently unavailable)
rNeg    + . .        y - +0 chain mail
rPois   ∞            (helmet restricted)
rElec   +            r - +0 cloak {Will+}
rCorr   .            (no gloves)
SInv    .            (no boots)
Will    +++..        j - amulet of regeneration Stlth
                     b - ring of protection from cold
HPRegen 2.11/turn    h - +4 ring of protection
MPRegen 0.12/turn

%: no passive effects
@: strong-willed, on berserk cooldown, regenerating, slowed, very slow
A: sickness immunity, AC +8, negative energy resistance 1, electricity
resistance, torment resistance 1, petrification resistance, horns 1
a: Renounce Religion, Berserk, Trog's Hand, Brothers in Arms


You were in a volcano.
You worshipped Trog.
Trog was extremely pleased with you.
You visited 2 branches of the dungeon, and saw 9 of its levels.
You also visited: Bailey and Volcano.

You collected 582 gold pieces.

Inventory:

Hand Weapons
 a - a +2 heavy hand axe
 c - a +2 battleaxe of electrocution (weapon)
 n - a +0 flail of protection
 v - a +0 war axe
Missiles
 B - 6 poisoned darts (quivered)
Armour
 r - a +0 cloak of willpower (worn)
 y - a +0 chain mail (worn)
Jewellery
 b - a ring of protection from cold (left hand)
 h - a +4 ring of protection (right hand)
 j - an amulet of regeneration (around neck)
 t - a ring of willpower
Wands
 p - a wand of roots (2)
 C - a wand of flame (12)
Scrolls
 d - a scroll of poison
 i - a scroll of immolation
 s - a scroll of blinking
 w - 2 scrolls of teleportation
Potions
 e - 2 potions of magic
 f - a potion of lignification
 g - a potion of resistance
 k - 5 potions of haste
 m - 2 potions of might
 o - a potion of attraction {unknown}
 q - a potion of curing
 u - 6 potions of invisibility {unknown}
 x - a potion of enlightenment
 z - 2 potions of mutation
 A - a potion of ambrosia {unknown}
 D - a potion of experience


   Skills:
 + Level 9.0 Fighting
 + Level 12.1 Axes
 + Level 8.3 Armour
 + Level 4.4 Dodging
 + Level 1.2 Stealth


You had 10 spell levels left.
You didn't know any spells.
Your spell library was empty.

Dungeon Overview and Level Annotations

Branches:
Dungeon (8/15)             Temple (0/1) D:7            Lair (1/5) D:8
 Bailey (visited)         Volcano (1/1)

Altars:
Ashenzari
Dithmenos
Elyvilon
Gozag
Qazlal
Sif Muna
Uskayaw
Vehumet

Annotations:
Lair:1 3 runed translucent doors, Taaryas's ghost, journeyman MiMo


Innate Abilities, Weirdness & Mutations

You are immune to sickness and miasma.
Your stone body is resilient. (AC +8)
You are immune to poison.
You resist negative energy. (rN+)
You are resistant to electric shocks. (rElec)
You are resistant to unholy torment.
You are immune to petrification.
You have a pair of small horns on your head.


Message History

The blast of flame misses you.
A steam dragon comes into view.
The steam dragon bites you but does no damage.
The steam dragon misses you.
The steam dragon hisses angrily.
You slash the steam dragon!
The steam dragon is almost dead.
You barely miss the hell hound.
The hell hound bites you but does no damage.
The steam dragon bites you but does no damage.
The steam dragon claws you but does no damage.
A smoke demon comes into view.
The hell hound bites you but does no damage.
The lindwurm bites you but does no damage.
The lindwurm barely misses you. The lindwurm misses you.
The steam dragon bites you but does no damage.
The steam dragon barely misses you. The steam dragon breathes steam at you.
The ball of steam hits the hell hound.
The hell hound resists.
The ball of steam hits the hell hound.
The hell hound resists.
The ball of steam hits you!
* * * LOW HITPOINT WARNING * * *
The smoke demon moves out of view.
Blink to where?
Press: ? - help, Dir - move target
As you read the scroll of blinking, it crumbles to dust.
As you read the scroll of butterflies, it crumbles to dust.
You hear the flapping of tiny wings.
The hell hound pauses to sniff the ground.
The hell hound bites your butterfly!
Your butterfly dies!
Your butterfly disappears in a burst of colours!
The steam dragon completely misses your butterfly. x2
The lindwurm breathes flames at you.
The blast of flame misses your butterfly.
The blast of flame hits your butterfly!!!
Your butterfly dies!
Your butterfly disappears in a burst of colours!
The blast of flame hits you!
You die... ### ####bb## ###bbb§.b ###bbbbbbbb#≈# #b.bb@bbb.b.≈

#.b.bbb.b.b...
#.bbb####bbb..##
...b ##.hb.. ...
#.b.h.# ..
#§.Dk.## . .
#§§§..### ..
##.§....#.§.
#..†.§.§§..


You could see a lindwurm (catching breath), a steam dragon and 2 hell hounds.

Vanquished Creatures
  A lindwurm (Volcano)
  Joseph (D:7)
  An unseen horror (D:8)
  A cane toad (Lair:1)
  2 blink frogs (Lair:1)
  Grinder (D:3)
  A wraith (D:7)
  2 basilisks
  Menkaure (D:7)
  A steam dragon (Volcano)
  2 hell hounds (Volcano)
  3 water moccasins
  4 black bears
  5 ice beasts
  The ghost of TheSeeker391 the Chopper, an amateur HOFi (D:3)
  8 orc warriors
  3 sky beasts
  An ogre (D:3)
  A phantom (D:6)
  2 bullfrogs
  6 scorpions
  4 wights (D:8)
  8 killer bees
  A bombardier beetle (D:5)
  6 howler monkeys
  Crazy Yiuf (D:3)
  2 gnoll boudas
  3 jellies
  5 orc priests
  6 hounds
  3 iguanas
  2 sleepcaps
  14 orc wizards
  41 gnolls
  6 adders
  2 shadow imps
  A white imp (D:7)
  5 dart slugs
  A ribbon worm (D:2)
  58 orcs
  9 endoplasms
  4 giant cockroaches
  12 goblins
  10 hobgoblins
  24 jackals
  4 quokkas
  3 ball pythons
  3 bats
  4 frilled lizards
  8 kobolds
  5 rats
303 creatures vanquished.

Vanquished Creatures (collateral kills)
  A komodo dragon (Lair:1)
  2 blink frogs (Lair:1)
  An electric eel (Lair:1)
4 creatures vanquished.

Grand Total: 307 creatures vanquished

Notes
Turn   | Place    | Note
-------+----------+-------------------------------------------
     0 | D:1      | Gargoyl the Gargoyle Berserker began the quest for the Orb.
     0 | D:1      | Reached XP level 1. HP: 14/14 MP: 1/1
   184 | D:1      | Reached skill level 3 in Axes
   184 | D:1      | Reached XP level 2. HP: 19/19 MP: 2/2
  1289 | D:2      | Reached XP level 3. HP: 11/24 MP: 3/3
  1547 | D:2      | Reached ** piety under Trog
  1871 | D:3      | Reached XP level 4. HP: 29/29 MP: 4/4
  1879 | D:3      | Reached skill level 4 in Axes
  1884 | D:3      | Reached XP level 5. HP: 34/34 MP: 5/5
  2026 | D:3      | Reached XP level 6. HP: 38/39 MP: 6/6
  2053 | D:3      | Noticed Grinder
  2076 | D:3      | Killed Grinder
  2077 | D:3      | Reached skill level 5 in Axes
  2077 | D:3      | Reached XP level 7. HP: 27/44 MP: 7/7
  2133 | D:3      | Identified the +2 robe of Abas Kegh {Will- Int+5}
  2341 | D:3      | Reached skill level 6 in Axes
  2405 | D:3      | Found a runed translucent gate.
  2405 | D:3      | Found a runed translucent gate.
  2407 | D:3      | Found a runed translucent gate.
  2409 | D:3      | Noticed TheSeeker391's ghost (amateur HOFi)
  2416 | D:3      | Found an opulent altar of Gozag.
  2489 | D:3      | Found a faded altar of an unknown god.
  2584 | D:3      | Reached skill level 5 in Fighting
  3217 | D:3      | Reached *** piety under Trog
  3242 | D:3      | Reached XP level 8. HP: 43/49 MP: 8/8
  3507 | D:3      | Found a runed translucent door.
  3508 | D:3      | Noticed Crazy Yiuf
  3547 | D:3      | Killed TheSeeker391's ghost
  3548 | D:3      | Reached skill level 7 in Axes
  3608 | D:3      | Killed Crazy Yiuf
  4127 | D:5      | Entered Level 5 of the Dungeon
  4169 | D:5      | Reached skill level 8 in Axes
  4297 | D:5      | Reached **** piety under Trog
  4298 | D:5      | Reached skill level 5 in Armour
  4402 | D:5      | Reached XP level 9. HP: 51/55 MP: 9/9
  4654 | D:5      | Found a white marble altar of Elyvilon.
  4723 | D:5      | Reached skill level 9 in Axes
  5371 | D:6      | Found a shadowy altar of Dithmenos.
  5431 | D:6      | Found a hide-covered altar of Uskayaw.
  5435 | D:6      | Found a shimmering blue altar of Sif Muna.
  5442 | D:6      | Found a stormy altar of Qazlal.
  5489 | D:6      | Reached skill level 1 in Stealth
  5957 | D:7      | Reached XP level 10. HP: 57/63 MP: 10/10
  5965 | D:7      | Reached skill level 10 in Axes
  5984 | D:7      | Noticed Menkaure
  5994 | D:7      | Killed Menkaure
  6072 | D:7      | Found a staircase to the Ecumenical Temple.
  6128 | D:7      | Noticed Joseph
  6140 | D:7      | Killed Joseph
  6168 | D:7      | Found a radiant altar of Vehumet.
  6402 | D:8      | Gained mutation: You are vulnerable to cold. (rC-) [potion
                  | of mutation]
  6402 | D:8      | Gained mutation: You are frail. (-10% HP) [potion of
                  | mutation]
  6403 | D:8      | Lost mutation: You are vulnerable to cold. (rC-) [potion of
                  | mutation]
  6403 | D:8      | Lost mutation: You are frail. (-10% HP) [potion of
                  | mutation]
  6403 | D:8      | Gained mutation: You have a pair of small horns on your
                  | head. [potion of mutation]
  6433 | D:8      | Reached ***** piety under Trog
  6502 | D:8      | Reached skill level 11 in Axes
  6548 | D:8      | Killed an unseen horror
  6597 | D:8      | Found a staircase to the Lair.
  6686 | D:8      | Identified the +2 pair of boots "Laellu" {Harm}
  6899 | D:8      | Found a broken altar of Ashenzari.
  7063 | D:8      | Found a flagged portal.
  7078 | Bailey   | Entered a bailey
  7491 | Lair:1   | Entered Level 1 of the Lair of Beasts
  7499 | Lair:1   | Reached XP level 11. HP: 69/69 MP: 11/11
  7502 | Lair:1   | Identified the +1 robe of the Sun {^Drain rElec rC+ rN+}
  7613 | Lair:1   | Found a runed translucent gate.
  7613 | Lair:1   | Noticed Taaryas's ghost (journeyman MiMo)
  7618 | Lair:1   | Found a runed translucent gate.
  7620 | Lair:1   | Found a runed translucent gate.
  7677 | Lair:1   | HP: 1/69 [komodo dragon (17)]
  7818 | Lair:1   | Found a dark tunnel.
  7891 | Volcano  | Entered a volcano
  7916 | Volcano  | Noticed a lindwurm
  7924 | Volcano  | Killed a lindwurm
  7925 | Volcano  | Reached skill level 12 in Axes
  7932 | Volcano  | Noticed a lindwurm
  7938 | Volcano  | Killed from afar by a lindwurm

Illustrated notes

Levels and vault maps discovered:
D:1:      zaba_arrival_water, layout_basic, serial_forest,
          infiniplex_forest_clump_curved, infiniplex_forest_lined_4_way,
          infiniplex_forest_lined_3, infiniplex_forest_side_room,
          infiniplex_forest_straight_2, infiniplex_forest_lined_3,
          infiniplex_forest_end_2, infiniplex_forest_end_1,
          infiniplex_forest_clump_long, infiniplex_forest_lined_2,
          serial_bayou_pond_c
D:2:      layout_rooms
D:3:      lemuel_castle_with_subvaults [lemuel_castle_interior_carwin_2],
          layout_basic, lemuel_doored_altar,
          shapermc_ecumenical_altar_acropolis, ebering_ghost_rock_garden,
          uniq_crazy_yiuf_cottage, uniq_grinder
D:4:      layout_cave_pools
D:5:      kennysheep_spiral_hall, layout_loops_corners,
          nicolae_overflow_hidden_temple
D:6:      corexii_shack_village, layout_loops_ring, mainiacjoe_overflow_catwalk,
          minmay_overflow_temple_star_quad
D:7:      layout_rooms, vehumet_altar_wand_db, minmay_temple_entry_wispy,
          uniq_joseph, uniq_menkaure
D:8:      layout_basic, cheibrodos_ashenzari_chains, lair_entry_dummy,
          enter_bailey_4, hangedman_decor_peaks_small,
          chequers_serial_rivers_micro_d
Lair:1:   cheibrodos_lair_river_kwai, layout_gridlike,
          nicolae_volcano_entry_two_sided, gammafunk_ghost_split,
          nicolae_quartered_pool_little, uniq_fannar
Volcano:  hellmonk_smoking_crater

Skill      XL: |  1  2  3  4  5  6  7  8  9 10 11 |
---------------+----------------------------------+-----
Axes           | 3 4 5 6 8 9 11 12 | 12.1
Fighting       | 4 5 7 8 9 |  9.0
Armour         | 3 4 5 6 7 8 |  8.3
Dodging        | 2 3 4 |  4.4
Stealth        | 1 |  1.2

Action                     |  1- 3 |  4- 6 |  7- 9 | 10-12 || total
---------------------------+-------+-------+-------+-------++-------
  Melee: Battleaxe         |    78 |    69 |   308 |   178 ||   633
         Hand axe          |     5 |       |       |       ||     5
         Headbutt          |       |       |       |    22 ||    22
 Invoke: Berserk           |     1 |     2 |     7 |     4 ||    14
         Trog's Hand       |       |       |     3 |     6 ||     9
         Brothers in Arms  |       |       |       |     1 ||     1
    Use: Scroll            |     5 |     5 |    10 |    10 ||    30
         Potion            |       |       |       |     5 ||     5
 Armour: Animal skin       |    16 |       |       |       ||    16
         Ring mail         |    72 |    44 |   211 |       ||   327
         Chain mail        |       |       |    74 |   302 ||   376
  Dodge: Dodged            |    81 |    38 |   222 |   201 ||   542

Table legend: (Time is in decaauts)
 A = Elapsed time spent in this place.
 B = Non-inter-level travel time spent in this place.
 C = Inter-level travel time spent in this place.
 D = Time resting spent in this place.
 E = Time spent auto-exploring this place.
 F = Levels seen in this place.
 G = Mean time per level.
                   A        B        C        D        E       F      G
               +--------+--------+--------+--------+--------+-----+--------+
         Total |   8271 |   8000 |    271 |    444 |   5044 |  11 |  751.9 |
       Dungeon |   7490 |   7238 |    252 |    432 |   4679 |   8 |  936.2 |
          Lair |    404 |    385 |     19 |      0 |    282 |   1 |  404.0 |
        Bailey |    329 |    329 |      0 |     12 |     58 |   1 |  329.0 |
       Volcano |     47 |     47 |      0 |      0 |     24 |   1 |   47.0 |
               +--------+--------+--------+--------+--------+-----+--------+

Top non-repeatable levels by time:
     D:3: 1909 daAuts
     D:1: 1288 daAuts
     D:5: 1118 daAuts
     D:8: 790 daAuts
     D:6: 752 daAuts
     D:2: 643 daAuts
     D:4: 495 daAuts
     D:7: 492 daAuts
  Lair:1: 404 daAuts
  Bailey: 329 daAuts
 Volcano: 47 daAuts
